 Dungeon Crawl Stone Soup version 0.30-a0-723-gc1506a1cf0 (webtiles) character file.

Game seed: 2786877631835471879

336 PriceMaster the Conjurer (level 6, -2/38 HPs)
             Began as an Octopode Conjurer on Jan 28, 2023.
             Was a Believer of Lugonu.
             Slain by a large abomination (18 damage)
             ... on level 2 of the Abyss.
             The game lasted 00:17:33 (4803 turns).

PriceMaster the Conjurer (Octopode Conjurer)        Turns: 4803, Time: 00:17:33

Health: -2/38      AC:  1    Str:  6    XL:     6   Next: 54%
Magic:  11/11      EV: 13    Int: 22    God:    Lugonu [**....]
Gold:   185        SH:  0    Dex: 11    Spells: 2/12 levels left

rFire   . . .      SeeInvis .    p - +2 hand axe (vamp)
rCold   . . .      Faith    .    (no shield)
rNeg    . . .      Spirit   .    (helmet restricted)
rPois   .          Reflect  .    (no amulet)
rElec   .          Harm     .    (no ring)
rCorr   .          Rampage  .    (no ring)
Will    .....                    (no ring)
Stlth   +++                      (no ring)
HPRegen 0.26/turn                (no ring)
MPRegen 0.12/turn                (no ring)
                                 (no ring)
                                 (no ring)

@: brilliant
A: almost no armour, amphibious, 8 rings, camouflage 1, gelatinous body 1,
(nimble swimmer 1), tentacles
a: Renounce Religion, Depart the Abyss, Banish


You were on level 2 of the Abyss.
You worshipped Lugonu.
Lugonu was pleased with you.
You visited 1 branch of the dungeon, and saw 3 of its levels.
You visited the Abyss 1 time.

You collected 185 gold pieces.

Inventory:

Hand Weapons
 c - a +0 dagger
 g - a +4 quarterstaff of chaos
 k - a +0 mace
 n - a +2 dagger of flaming
 o - a +0 mace
 p - a +2 vampiric hand axe (weapon)
Missiles
 l - 16 stones
Armour
 m - the +2 helmet of Tiuceqaz {Harm rPois Will- SInv}
   (You took it off Robin on level 2 of the Dungeon)

   rPois:     It protects you from poison.
   SInv:      It lets you see invisible.
   Harm:      It increases damage dealt and taken.
   Will:      It decreases your willpower.
Jewellery
 d - a ring of ice
Scrolls
 a - a scroll of teleportation
Potions
 b - a potion of curing
 e - a potion of attraction
 f - a potion of cancellation
 h - a potion of brilliance
 i - a potion of might {unknown}
 r - a potion of invisibility {unknown}


   Skills:
 * Level 1.3 Fighting
 - Level 0.6 Short Blades
 * Level 1.1 Axes
 + Level 2.3 Dodging
 + Level 4.3 Stealth
 * Level 3.8 Spellcasting
 + Level 5.1 Conjurations
 * Level 1.7 Translocations


You had 2 spell levels left.
You knew the following spells:

 Your Spells              Type           Power      Damage    Failure   Level
a - Magic Dart            Conj           100%       1d8       1%          1
b - Searing Ray           Conj           80%        2d7       2%          2
c - Apportation           Tloc           34%        N/A       5%          1
d - Passwall              Tmut/Erth      5%         N/A       17%         2
e - Necrotise             Necr           24%        1d5       12%         1
f - Dazzling Flash        Conj/Hex       46%        N/A       12%         3

Your spell library contained the following spells:

 Spells                   Type           Power      Damage    Failure   Level
 Summon Small Mammal      Summ           24%        N/A       12%         1
 Cigotuvi's Dreadful Rot  Necr/Pois/Air  12%        N/A       17%         2
 Ensorcelled Hibernation  Hex/Ice        12%        N/A       17%         2
 Iskenderun's Mystic Bla  Conj/Tloc      28%        2d7       28%         4
 Inner Flame              Hex/Fire       6%         N/A       34%         3
 Swiftness                Air            6%         N/A       34%         3
 Vampiric Draining        Necr           6%         2d6       34%         3
 Flame Wave               Conj/Fire      23%        2d8       36%         4
 Fulminant Prism          Conj/Hex       11%        3d9       36%         4
 Sticky Flame             Conj/Fire      23%        2d4       36%         4
 Anguish                  Hex/Necr       3%         N/A       75%         4
 Necromutation            Tmut/Necr      3%         N/A       100%        8


Dungeon Overview and Level Annotations

Branches:
Dungeon (3/15)

Altars:
Wu Jian

Shops:
D:2 [   D:3 ([:

Annotations:
D:3 yumyumyeen's ghost, amateur GnHu


Innate Abilities, Weirdness & Mutations

You cannot wear most types of armour.
You are amphibious.
You can wear up to eight rings at the same time.
Your skin changes colour to match your surroundings (Stealth+).
Your rubbery body absorbs attacks. (AC +1, EV +1)
((You are camouflaged when in or above water. (Stealth+)))
You have tentacles for arms and can constrict up to eight enemies at once.


Message History

A large abomination is cast out of space.
A large abomination is nearby!
As you read the scroll of teleportation, it crumbles to dust.
You feel strangely unstable.
You feel the power of the Abyss delaying your translocation!
Casting: Searing Ray (safe; 2% risk of failure)
Confirm with . or Enter, or press ? or * to list all spells.
You can't see any susceptible monsters within range! (Use Z to cast anyway.) Unknown command.
Sorry, you're not good enough to have a special ability.
Casting: Searing Ray (safe; 2% risk of failure)
Confirm with . or Enter, or press ? or * to list all spells.
Aiming: Passwall (safe; 17% risk of failure)
Press: ? - help, Dir - move target A rock wall.
You are suddenly pulled into a different region of the Abyss!
Your meditation is interrupted.
Found a gateway leading deeper into the Abyss.
There is a gateway leading deeper into the Abyss here.
You plunge deeper into the Abyss.
You start resting.
Magic restored.
You start resting.
A large abomination comes into view.
It was a potion of cancellation.
You feel magically purged.
It was a potion of brilliance.
You feel clever all of a sudden.
Okay, then.
Okay, then.
Okay, then.
A bone dragon comes into view.
Found a corrupted altar of Lugonu.
The large abomination hits you!!
Ouch! That really hurt!
There is a corrupted altar of Lugonu, spattered with blood here.
You curl up in front of the altar of Lugonu.
Lugonu welcomes you!
You can now depart the Abyss.
You can now banish your foes.
The large abomination hits you!!
You die...

... ### .. ... #.# .
#.###.#### ###.
#......#.# ...
#..#...#.#
###..#.....#@.###
...........X....#
.....#....###..#.##
#...#.####....#...#
##.. ..#..#..#....#
.#...#.X##..........
..##...D.##.#......#
..##.....#........#
...........#.....#


You could see a large abomination.

Vanquished Creatures
  Crazy Yiuf (D:3)
  3 orc priests (D:3)
  Ijyb (D:3)
  Robin (D:2)
  3 gnolls (D:3)
  4 adders (D:3)
  5 worms
  A dart slug (D:2)
  4 orcs
  4 endoplasms
  18 giant cockroaches
  8 goblins
  12 hobgoblins
  9 kobolds
  3 quokkas
  3 ball pythons
  8 bats
  3 frilled lizards
  6 rats
  A bush (D:3)
98 creatures vanquished.

Vanquished Creatures (others)
  A fungus (D:3)
  4 plants (D:3)
5 creatures vanquished.

Grand Total: 103 creatures vanquished

Notes
Turn   | Place    | Note
-------+----------+-------------------------------------------
     0 | D:1      | PriceMaster the Octopode Conjurer began the quest for the
                  | Orb.
     0 | D:1      | Reached XP level 1. HP: 11/11 MP: 3/3
   184 | D:1      | Reached XP level 2. HP: 17/17 MP: 3/5
   474 | D:1      | Got the Compendium of Unholy Ceremonies
   481 | D:1      | Learned a level 2 spell: Searing Ray
   531 | D:1      | Reached XP level 3. HP: 21/21 MP: 2/6
   872 | D:2      | Found Jirogel's Antique Armour Boutique.
   898 | D:2      | Learned a level 1 spell: Apportation
   994 | D:2      | Found an ornate altar of the Wu Jian Council.
  1222 | D:2      | Reached XP level 4. HP: 14/27 MP: 3/8
  1896 | D:2      | Identified the +2 helmet of Tiuceqaz {Harm rPois Will-
                  | SInv}
  1896 | D:2      | Noticed Robin
  1912 | D:2      | Killed Robin
  2416 | D:3      | Found Lidasur's Armour Emporium.
  2836 | D:3      | Reached XP level 5. HP: 29/31 MP: 2/9
  2876 | D:2      | Reached skill level 1 in Translocations
  3063 | D:3      | Reached skill level 5 in Conjurations
  3222 | D:3      | Reached skill level 1 in Fighting
  3227 | D:3      | Reached XP level 6. HP: 12/38 MP: 3/11
  3369 | D:3      | Found Navoumurph's Book Boutique.
  3510 | D:3      | Noticed Ijyb
  3518 | D:3      | Killed Ijyb
  3770 | D:3      | Found Takiz's Antique Weapon Boutique.
  3787 | D:3      | Reached skill level 1 in Axes
  3858 | D:3      | Noticed yumyumyeen's ghost (amateur GnHu)
  3859 | D:3      | Found a runed translucent gate.
  3859 | D:3      | Found a runed translucent gate.
  3859 | D:3      | Found a runed translucent gate.
  3927 | D:3      | Found a runed translucent door.
  3928 | D:3      | Noticed Crazy Yiuf
  4028 | D:3      | Learned a level 2 spell: Passwall
  4030 | D:3      | Learned a level 1 spell: Necrotise
  4034 | D:3      | Learned a level 3 spell: Dazzling Flash
  4334 | D:3      | Killed Crazy Yiuf
  4673 | Abyss:1  | Cast into level 1 of the Abyss (kobold)
  4724 | Abyss:1  | Noticed a large abomination
  4784 | Abyss:2  | Noticed a large abomination
  4787 | Abyss:2  | Noticed a bone dragon
  4794 | Abyss:2  | Found a corrupted altar of Lugonu.
  4803 | Abyss:2  | Became a worshipper of Lugonu the Unformed
  4803 | Abyss:2  | Reached * piety under Lugonu
  4803 | Abyss:2  | Reached ** piety under Lugonu
  4803 | Abyss:2  | Slain by a large abomination

Illustrated notes

Levels and vault maps discovered:
D:1:      scummos_arrival_hexagon, layout_basic, amethyst_killhole
D:2:      minmay_roachtagon, layout_basic, basic_altar, serial_shops, shop,
          uniq_robin
D:3:      layout_rooms, serial_shops, shop, shop, nicolae_shop_advertising_works
          [nicolae_subvault_shop_adworks], serial_forest,
          infiniplex_forest_zigzag_1, infiniplex_forest_straight_2,
          infiniplex_forest_corner_2, infiniplex_forest_end_2,
          infiniplex_forest_straight_4, infiniplex_forest_end_2,
          gammafunk_ghost_nasty_kobolds, uniq_ijyb, uniq_crazy_yiuf_cottage
Abyss:2:  base: D:1, serial_sigils_hangedman_gut

Skill      XL: |  1  2  3  4  5  6 |
---------------+-------------------+-----
Stealth        | 3 4 |  4.3
Spellcasting   | 3 |  3.8
Translocations | 1 |  1.7
Conjurations   | 5 |  5.1
Fighting       | 1 |  1.3
Axes           | 1 |  1.1
Short Blades   | |  0.6
Dodging        | |  2.3

Action                     |  1- 3 |  4- 6 || total
---------------------------+-------+-------++-------
  Melee: Dagger            |    41 |    26 ||    67
         Constrict         |    10 |    18 ||    28
         Tentacles         |     6 |    62 ||    68
         Unarmed           |     1 |       ||     1
         Punch             |     1 |     5 ||     6
         Mace              |       |    10 ||    10
         Hand axe          |       |   149 ||   149
   Cast: Magic Dart        |    44 |    44 ||    88
         Searing Ray       |     4 |    19 ||    23
         Apportation       |     3 |     1 ||     4
         Passwall          |       |     5 ||     5
         Dazzling Flash    |       |     2 ||     2
    Use: Potion            |     1 |     6 ||     7
         Scroll            |       |     5 ||     5
   Stab: Sleeping          |     1 |     2 ||     3
         Invisible         |       |     1 ||     1
 Armour: Skin              |     5 |     4 ||     9
  Dodge: Dodged            |    32 |    52 ||    84

Table legend: (Time is in decaauts)
 A = Elapsed time spent in this place.
 B = Non-inter-level travel time spent in this place.
 C = Inter-level travel time spent in this place.
 D = Time resting spent in this place.
 E = Time spent auto-exploring this place.
 F = Levels seen in this place.
 G = Mean time per level.
                   A        B        C        D        E       F      G
               +--------+--------+--------+--------+--------+-----+--------+
         Total |   4829 |   4649 |    180 |   1512 |   2165 |   5 |  965.8 |
       Dungeon |   4699 |   4519 |    180 |   1420 |   2165 |   3 | 1566.3 |
         Abyss |    129 |    129 |      0 |     92 |      0 |   2 |   64.5 |
               +--------+--------+--------+--------+--------+-----+--------+

Top non-repeatable levels by time:
     D:2: 2229 daAuts
     D:3: 1697 daAuts
     D:1: 773 daAuts
 Abyss:1: 69 daAuts
 Abyss:2: 59 daAuts
